 Dungeon Crawl Stone Soup version 0.11.3 (console) character file.

226 Lightli the Skirmisher (level 5, 0/46 HPs)
             Began as a Naga Stalker on June 20, 2022.
             Slain by an orc wizard
             ... wielding a -1,+0 orcish dagger
              (3 damage)
             ... on Level 3 of the Dungeon.
             The game lasted 00:06:46 (2554 turns).

Lightli the Skirmisher (Naga Stalker)               Turns: 2554, Time: 00:06:46

HP   0/46        AC  5     Str 13      XL: 5   Next: 16%
MP   6/6         EV 10     Int  9 (12) God:
Gold 93          SH  0     Dex 13      Spells:  1 memorised,  5 levels left

Res.Fire  : . . .   See Invis. : +   a - +2 dagger {=f}
Res.Cold  : . . .   Warding    : .   b - +0 robe
Life Prot.: . . .   Conserve   : .   (no shield)
Res.Poison: +       Res.Corr.  : .   (no helmet)
Res.Elec. : .       Clarity    : .   c - +0 cloak
Sust.Abil.: . .     Spirit.Shd : .   l - +1 pair of gauntlets
Res.Mut.  : .       Stasis     : .   (no barding)
Res.Rott. : .       Ctrl.Telep.: .   (no amulet)
Saprovore : . . .   Levitation : .   (no ring) Ctrl.Flight: .
                                     k - cursed ring of protection from magic {unkn

@: very slow, quite resistant to hostile enchantments, stealthy
A: spit poison, see invisible, deformed body, poison resistance, slowness 2, AC
+1
a: Spit Poison


You were on level 3 of the Dungeon.
You were not hungry.

You visited 1 branch of the dungeon, and saw 3 of its levels.

You collected 73 gold pieces.

Inventory:

Hand weapons
 a - a +2,+2 dagger (weapon) {=f}
Armour
 b - a +0 robe (worn)
 c - a +0 cloak (worn)
 l - a +1 pair of gauntlets (worn)
Comestibles
 f - 6 bread rations
 g - a rotting chunk of orc flesh
 i - a meat ration
Scrolls
 m - a scroll of random uselessness {unknown}
Jewellery
 k - a cursed ring of protection from magic (left hand) {unknown}
Potions
 e - a potion of confusion
 h - a potion of restore abilities
Books
 d - a book of Stalking

   Spells                             Type                      Level
   *Fulsome Distillation              Transmutation/Necromancy     1
   Evaporate                          Fire/Transmutation           2
   Passwall                           Transmutation/Earth          3
   Petrify                            Transmutation/Earth          4
   Dig                                Transmutation/Earth          4


   Skills:
 + Level 4.4 Fighting
 - Level 2.0 Short Blades
 - Level 1.5 Dodging
 - Level 3.3 Stealth
 - Level 2.0 Stabbing
 - Level 1.0 Spellcasting
 - Level 2.0 Transmutations


You had 5 spell levels left.
You knew the following spells:

 Your Spells              Type           Power        Failure   Level  Hunger
a - Fulsome Distillation  Trmt/Necr      N/A          28%         1    ##.....


Dungeon Overview and Level Annotations

Branches:
Dungeon (3/27)

Altars:


Innate Abilities, Weirdness & Mutations

You cannot wear boots.
You can spit poison.
Your serpentine skin is tough (AC +1).
You have supernaturally acute eyesight.
Armour fits poorly on your strangely shaped body.
Your system is resistant to poisons.
You cover ground very slowly.


Message History

* * * LOW HITPOINT WARNING * * *
The orc wizard hits you with an orcish dagger.
* * * LOW HITPOINT WARNING * * *
Drink which item? (? for menu, Esc to quit)
You have got your breath back.
It was a potion of restore abilities.
The orc wizard gestures wildly while chanting.
You feel a wave of unholy energy pass over you.
Drink which item? (? for menu, Esc to quit)
Magic courses through your body.
It was a potion of magic.
The orc wizard hits you with an orcish dagger.
* * * LOW HITPOINT WARNING * * *
The orc wizard hits you but does no damage.
Unknown command.
Drink which item? (? for menu, Esc to quit)
There was something very wrong with that liquid!
You feel dopey.
It was a potion of degeneration.
The orc wizard hits you with an orcish dagger.
You die...

#....... ........#
#......##.# #..#.#
#..#.#....###.....
#..#.........(.#.. ####
#..#...........#..
#....##..#....)......#..
#.....ooo.o.##.o.....#..
#....##o##.###....#.....
. #@##.###....#.#...
#.##....o.....#..#
#.........##.....#
####......##.##..#
#...#..........
#...#..#..#.#..
.....#.....#.#..
....#.#..##.#.... ...
#..##.#....


You could see an orc wizard and 3 orcs.

Vanquished Creatures
  An orc wizard (D:3)
  An adder (D:3)
  2 gnolls (D:3)
  A worm (D:2)
  An ooze (D:3)
  7 orcs (D:3)
  4 giant cockroaches
  9 hobgoblins
  7 kobolds
  7 bats
  3 giant newts
  13 goblins
  A hobgoblin skeleton (D:3)
  5 jackals
  5 rats
  2 toadstools (D:2)
69 creatures vanquished.

Vanquished Creatures (others)
  4 toadstools
4 creatures vanquished.

Grand Total: 73 creatures vanquished

Notes
Turn   | Place    | Note
--------------------------------------------------------------
     0 | D:1      | Lightli, the Naga Stalker, began the quest for the Orb.
     0 | D:1      | Reached XP level 1. HP: 18/18 MP: 1/1
   166 | D:1      | Reached XP level 2. HP: 18/25 MP: 2/2
   522 | D:1      | You fall through a shaft!
   601 | D:2      | Reached XP level 3. HP: 23/31 MP: 3/3
  1787 | D:3      | Reached XP level 4. HP: 24/39 MP: 5/5
  2295 | D:3      | Reached skill level 4 in Fighting
  2334 | D:3      | Reached XP level 5. HP: 36/46 MP: 6/6
  2554 | D:3      | Slain by an orc wizard
